 Dungeon Crawl Stone Soup version 0.32-a0-932-g546787307d (webtiles) character file.

Game seed: 15357292395035604369

784 whodunnit the Conjurer (level 7, -1/43 HPs)
             Began as an Octopode Conjurer on Apr 14, 2024.
             Was an Initiate of Sif Muna.
             Slain by a hound (3 damage)
             ... on level 5 of the Dungeon.
             The game lasted 00:14:15 (4940 turns).

whodunnit the Conjurer (Octopode Conjurer)          Turns: 4940, Time: 00:14:16

Health: -1/43      AC:  1    Str:  6    XL:     7   Next: 86%
Magic:  1/14       EV: 12    Int: 23    God:    Sif Muna [......]
Gold:   202        SH:  0    Dex: 10    Spells: 9/16 levels left

rFire   . . .        w - +3 quarterstaff (chaos)
rCold   . . .        (shield currently unavailable)
rNeg    . . .        (helmet restricted)
rPois   .            (no amulet)
rElec   .            (no ring)
rCorr   .            (no ring)
SInv    .            (no ring)
Will    .....        (no ring)
Stlth   +++          (no ring)
HPRegen 0.27/turn    (no ring)
MPRegen 0.14/turn    (no ring)
                     (no ring)

%: no passive effects
@: no status effects
A: almost no armour, amphibious, 8 rings, camouflage 1, gelatinous body 1,
(nimble swimmer 1), tentacles
a: Renounce Religion


You were on level 5 of the Dungeon.
You worshipped Sif Muna.
Sif Muna was noncommittal.
You visited 2 branches of the dungeon, and saw 6 of its levels.

You collected 202 gold pieces.

Inventory:

Hand Weapons
 o - a +1 spectral club
 w - a +3 quarterstaff of chaos (weapon)
Jewellery
 q - an amulet of faith
 x - a ring of wizardry
Wands
 t - a wand of light (8)
Scrolls
 b - a scroll of blinking {unknown}
 d - a scroll of enchant armour {unknown}
 e - a scroll of acquirement {unknown}
 g - 6 scrolls of identify {unknown}
 h - a scroll of fear {unknown}
 i - 2 scrolls of poison {unknown}
 l - 2 scrolls of immolation {unknown}
 m - a scroll of brand weapon {unknown}
 u - a scroll of teleportation {unknown}
 v - a scroll of torment {unknown}
Potions
 c - a potion of brilliance {unknown}
 f - a potion of heal wounds {unknown}
 j - a potion of might {unknown}
 k - a potion of ambrosia {unknown}
 n - a potion of enlightenment {unknown}
 p - 2 potions of curing {unknown}
 r - 2 potions of mutation {unknown}
 s - 3 potions of lignification {unknown}


   Skills:
 + Level 1.1 Fighting
 + Level 2.4 Dodging
 + Level 4.4 Stealth
 + Level 2.0 Unarmed Combat
 + Level 5.0 Spellcasting
 + Level 6.7 Conjurations


You had 9 spell levels left.
You knew the following spells:

 Your Spells              Type           Power      Damage    Failure   Level
a - Magic Dart            Conj           100%       1d8       1%          1
b - Searing Ray           Conj           72%        2d7       1%          2
c - Iskenderun's Mystic Conj/Tloc 21%            2d6        (+2d3     22%         4

Your spell library contained the following spells:

 Spells                   Type           Power      Damage    Failure   Level
 Hailstorm                Conj/Ice       21%        3d7       7%          3
 Freeze                   Ice            20%        1d4       10%         1
 Necrotise                Necr           20%        1d5       10%         1
 Blink                    Tloc           12%        N/A       14%         2
 Call Imp                 Summ           10%        N/A       14%         2
 Fulminant Prism          Conj/Alch      10%        3d8       24%         4
 Frozen Ramparts          Ice            10%        1d2       28%         3
 Vampiric Draining        Necr           5%         2d6       28%         3
 Martyr's Knell           Necr/Summ      5%         N/A       67%         4
 Curse of Agony           Necr           5%         N/A       95%         5


Dungeon Overview and Level Annotations

Branches:
Dungeon (5/15)             Temple (1/1) D:4

Altars:
Ashenzari
Dithmenos
Elyvilon
Gozag
Kikubaaqudgha
Makhleb
Nemelex Xobeh
Okawaru
Ru
Sif Muna
Wu Jian
Xom

Shops:
D:1 *


Innate Abilities, Weirdness & Mutations

You cannot wear most types of armour.
You are amphibious.
You can wear up to eight rings at the same time.
Your skin changes colour to match your surroundings (Stealth+).
Your rubbery body absorbs attacks. (AC +1, EV +1)
((You are camouflaged when in or above water. (Stealth+)))
You have tentacles for arms and can constrict up to eight enemies at once.


Message History

The hound is moderately wounded.
The hound is knocked back by the mystic blast.
The mystic blast hits the hound.
The hound is heavily wounded.
The hound is knocked back by the mystic blast.
Unknown command.
Casting: Iskenderun's Mystic Blast (quite dangerous; 24% risk of failure)
Confirm with . or Enter, or press ? or * to list all spells.
You erupt in a blast of force!
The mystic blast hits something.
The mystic blast hits the hound!
The hound is severely wounded.
The hound is knocked back by the mystic blast.
The mystic blast hits the hound.
The hound is almost dead.
The hound is knocked back by the mystic blast.
Casting: Iskenderun's Mystic Blast (quite dangerous; 24% risk of failure)
Confirm with . or Enter, or press ? or * to list all spells.
You erupt in a blast of force!
The mystic blast hits the hound.
You kill the hound!
Sif Muna accepts your kill.
Your Spellcasting skill increases to level 5!
Unknown command.
Casting: Iskenderun's Mystic Blast (quite dangerous; 22% risk of failure)
Confirm with . or Enter, or press ? or * to list all spells.
Aiming: Searing Ray (safe; 1% risk of failure)
Press: ? - help, Shift-Dir - straight line, f - hound
Aim: a hound (severely wounded, 73% to hit)
The searing ray misses the hound.
The searing ray hits something! (Press . to maintain the ray.)
The hound barely misses you.
Without enough magic to sustain it, your searing ray dissipates.
The hound closely misses you. x2; Something hits you.
* * * LOW HITPOINT WARNING * * *
Unknown command.
You barely miss the hound. Your grab misses the hound.
Your squeeze misses the hound.
The hound is severely wounded.
Reactivating autopickup.
An orc wizard appears from thin air!
The hound bites you.
You die...

.#........................#..
.....####..##...............
..##.#####............#.....##.
#........#..........<..........
#..........................#. #
....#...................### #.
#.........................#
...##.......##.o..............#
...#...........h@.......#......#
...............##......#####.###
..##...........##......# .#
{h###..........###.....# #
h.)##.........## ###.###
#.)#..........# ##
#)...........# #...###.#....#
#...# ###...##


You could see a hound and an orc wizard.

Vanquished Creatures
  Grinder (D:3)
  A bombardier beetle (D:4)
  2 hounds
  An orc priest (D:4)
  3 sleepcaps
  Crazy Yiuf (D:4)
  Jessica (D:3)
  2 iguanas
  2 orc wizards
  Robin (D:3)
  6 gnolls
  4 adders
  A ribbon worm (D:2)
  2 dart slugs
  8 orcs
  11 bats
  10 endoplasms
  3 giant cockroaches
  11 goblins
  8 hobgoblins
  3 jackals (D:4)
  6 quokkas
  11 ball pythons
  3 frilled lizards
  4 kobolds
  3 rats
109 creatures vanquished.

Notes
Turn   | Place    | Note
-------+----------+-------------------------------------------
     0 | D:1      | whodunnit the Octopode Conjurer began the quest for the
                  | Orb.
     0 | D:1      | Reached XP level 1. HP: 11/11 MP: 3/3
   279 | D:1      | Reached XP level 2. HP: 17/17 MP: 1/5
   937 | D:1      | Found Salupsagg's General Store.
  1185 | D:2      | Reached XP level 3. HP: 21/21 MP: 4/6
  1395 | D:2      | Identified the +3 helmet of Shadows and Fog {rElec Slay+2}
  1689 | D:2      | Reached XP level 4. HP: 27/27 MP: 4/8
  1698 | D:2      | Reached skill level 5 in Conjurations
  1871 | D:2      | Learned a level 2 spell: Searing Ray
  1876 | D:2      | Learned a level 4 spell: Iskenderun's Mystic Blast
  2189 | D:3      | Noticed Robin
  2259 | D:3      | Killed Robin
  2260 | D:3      | Reached skill level 1 in Unarmed Combat
  2389 | D:3      | Reached XP level 5. HP: 31/31 MP: 1/9
  2544 | D:3      | Noticed Grinder
  2573 | D:3      | Paralysed by Grinder for 2 turns
  2578 | D:3      | Killed Grinder
  2579 | D:3      | Reached XP level 6. HP: 16/37 MP: 0/11
  2832 | D:3      | You fall into a shaft and drop 2 floors!
  2832 | D:5      | Entered Level 5 of the Dungeon
  2912 | D:3      | Noticed Jessica
  2914 | D:3      | Killed Jessica
  3349 | D:3      | Found an opulent altar of Gozag.
  3349 | D:3      | Found a sparkling altar of Nemelex Xobeh.
  3470 | D:4      | Reached skill level 6 in Conjurations
  3470 | D:4      | Reached XP level 7. HP: 37/42 MP: 2/13
  3583 | D:4      | Reached skill level 1 in Fighting
  3953 | D:4      | Found a staircase to the Ecumenical Temple.
  4049 | Temple   | Entered the Ecumenical Temple
  4054 | Temple   | Became a worshipper of Sif Muna the Loreminder
  4467 | D:4      | Found a runed translucent door.
  4468 | D:4      | Noticed Crazy Yiuf
  4632 | D:4      | Killed Crazy Yiuf
  4933 | D:5      | HP: 2/43 [hound (3)]
  4937 | D:5      | Reached skill level 5 in Spellcasting
  4939 | D:5      | HP: 2/43 [something (2)]
  4940 | D:5      | Slain by a hound

Illustrated notes

Levels and vault maps discovered:
D:1:      minmay_arrival_cross, layout_basic, serial_shops,
          nicolae_shop_tiny_real_fake_doors, minmay_worlds_worst_comb
D:2:      layout_loops_ring
D:3:      layout_basic, grunt_temple_overflow_opulence, grunt_ministairs_10,
          due_unseen_surprise, uniq_robin, uniq_jessica, uniq_grinder
D:4:      layout_rooms, minmay_temple_entry_sparse_star, serial_corexii_hall,
          chequers_hall_statues_wall_a, corexii_hall_statues_i,
          uniq_crazy_yiuf_cottage
D:5:      layout_cave_pools
Temple:   hellmonk_temple_micro_hex

Skill      XL: |  1  2  3  4  5  6  7 |
---------------+----------------------+-----
Conjurations   | 5 6 |  6.7
Unarmed Combat | 1 2 |  2.0
Stealth        | 3 4 |  4.4
Spellcasting   | 3 4 5 |  5.0
Fighting       | 1 |  1.1
Dodging        | |  2.4

Action                     |  1- 3 |  4- 6 |  7- 9 || total
---------------------------+-------+-------+-------++-------
  Melee: Unarmed           |    15 |     7 |       ||    22
         Tentacles         |     4 |     3 |     2 ||     9
         Constrict         |     3 |     3 |     1 ||     7
         Club              |       |     5 |       ||     5
         Quarterstaff      |       |       |     5 ||     5
   Cast: Magic Dart        |    60 |    46 |    67 ||   173
         Searing Ray       |       |    10 |     8 ||    18
         Iskenderun's Myst |       |       |     6 ||     6
    Use: Potion            |       |       |     1 ||     1
 Armour: Skin              |     9 |    18 |    24 ||    51
  Dodge: Dodged            |    12 |    10 |    23 ||    45

Table legend: (Time is in decaauts)
 A = Elapsed time spent in this place.
 B = Non-inter-level travel time spent in this place.
 C = Inter-level travel time spent in this place.
 D = Time resting spent in this place.
 E = Time spent auto-exploring this place.
 F = Levels seen in this place.
 G = Mean time per level.
                   A        B        C        D        E       F      G
               +--------+--------+--------+--------+--------+-----+--------+
         Total |   4942 |   4779 |    163 |     62 |   4141 |   6 |  823.7 |
       Dungeon |   4931 |   4776 |    155 |     62 |   4141 |   5 |  986.2 |
        Temple |     10 |      2 |      8 |      0 |      0 |   1 |   10.0 |
               +--------+--------+--------+--------+--------+-----+--------+

Top non-repeatable levels by time:
     D:3: 1294 daAuts
     D:4: 1220 daAuts
     D:1: 1179 daAuts
     D:2: 1007 daAuts
     D:5: 229 daAuts
  Temple: 10 daAuts
